[ AOE2 MATCH · #506781227 ]
UnrankedMalay vs Dravidians
Player's team · WIN
Rival team · LOSS
[ REPLAY ANALYSIS · EXTRACTED FROM THE RECORDED GAME ]
Feudal
10:27
Castle
15:02
Imperial
—
| APM avg | 48.7 |
| APM peak | 111 |
| eAPM avg | 31.2 |
| Villagers / military | 171 / 359 |
Focus
⚔️ 39.4% · 🌾 60.6%
Scout Cavalry ×165 · Karambit Warrior ×50 · Battle Elephant ×39 · Skirmisher ×37 · Archer ×32 · Monk ×19
Feudal
14:34
Castle
19:50
Imperial
—
| APM avg | 56.8 |
| APM peak | 82 |
| eAPM avg | 27.8 |
| Villagers / military | 264 / 155 |
Focus
⚔️ 37.7% · 🌾 62.3%
Elephant Archer ×114 · Scout Cavalry ×25 · Monk ×12 · Militia ×4
Match map
Initial resources + every placement click. Lines = walls · curves = elevation contours. ◆ gold · ⬟ stone · ● berries · ✦ relic · ◌ wall gap
Your base· Open — unwalled flank
NatheSpike's base· Open — unwalled flank
Smoothed initial terrain · ◌ = detected wall gap · hover for details
Inputs per minute
— Snootydoor8937 - - NatheSpike
Build order — Snootydoor8937
First 150 of 621 actions detected
| 0:05 | Queue | Villager (Male) |
| 0:05 | Queue | Villager (Male) |
| 0:06 | Build | House |
| 0:07 | Build | House |
| 0:26 | Queue | Villager (Male) |
| 0:26 | Queue | Villager (Male) |
| 1:32 | Queue | Villager (Male) |
| 1:33 | Queue | Villager (Male) |
| 2:06 | Queue | Villager (Male) |
| 2:06 | Queue | Villager (Male) |
| 2:27 | Queue | Villager (Male) |
| 2:42 | Queue | Villager (Male) |
| 2:42 | Queue | Villager (Male) |
| 2:50 | Build | Lumber Camp |
| 2:58 | Queue | Villager (Male) |
| 2:59 | Queue | Villager (Male) |
| 3:17 | Queue | Villager (Male) |
| 4:14 | Queue | Villager (Male) |
| 4:20 | Queue | Villager (Male) |
| 4:32 | Queue | Villager (Male) |
| 4:33 | Queue | Villager (Male) |
| 4:46 | Build | House |
| 5:39 | Queue | Villager (Male) |
| 5:57 | Queue | Villager (Male) |
| 6:05 | Research | Loom |
| 6:26 | Build | Lumber Camp |
| 6:55 | Queue | Villager (Male) |
| 6:55 | Queue | Villager (Male) |
| 7:15 | Build | House |
| 7:17 | Build | House |
| 7:48 | Queue | Villager (Male) |
| 7:48 | Queue | Villager (Male) |
| 8:11 | Build | Mill |
| 9:09 | Research | Feudal Age |
| 10:27 | Age | Feudal Age |
| 10:32 | Queue | Villager (Male) |
| 11:01 | Build | Market |
| 11:19 | Queue | Villager (Male) |
| 11:19 | Queue | Villager (Male) |
| 11:22 | Build | Mill |
| 11:38 | Build | Blacksmith |
| 11:43 | Build | Palisade Wall |
| 11:51 | Build | House |
| 13:26 | Research | Castle Age |
| 14:47 | Build | Lumber Camp |
| 14:49 | Build | Lumber Camp |
| 15:02 | Age | Castle Age |
| 15:30 | Build | Town Center |
| 15:36 | Build | Farm |
| 15:49 | Queue | Villager (Male) |
| 15:49 | Queue | Villager (Male) |
| 16:24 | Build | House |
| 16:28 | Build | Farm |
| 16:32 | Queue | Villager (Male) |
| 16:32 | Queue | Villager (Male) |
| 16:39 | Build | Monastery |
| 16:45 | Queue | Villager (Male) |
| 16:51 | Build | Mining Camp |
| 16:57 | Queue | Villager (Male) |
| 16:57 | Queue | Villager (Male) |
| 17:10 | Build | Monastery |
| 17:22 | Build | Farm |
| 17:24 | Build | Farm |
| 17:49 | Queue | Villager (Male) |
| 17:49 | Queue | Villager (Male) |
| 18:00 | Queue | Monk |
| 18:00 | Queue | Monk |
| 18:16 | Queue | Monk |
| 18:16 | Queue | Monk |
| 18:20 | Build | Farm |
| 18:22 | Build | Farm |
| 18:41 | Queue | Villager (Male) |
| 18:41 | Queue | Villager (Male) |
| 18:41 | Queue | Villager (Male) |
| 18:50 | Build | Farm |
| 18:58 | Build | Farm |
| 19:01 | Build | Barracks |
| 19:10 | Queue | Villager (Male) |
| 19:36 | Queue | Villager (Male) |
| 19:36 | Queue | Villager (Male) |
| 19:53 | Queue | Villager (Male) |
| 20:10 | Build | Stable |
| 20:17 | Queue | Villager (Male) |
| 20:30 | Queue | Villager (Male) |
| 20:30 | Queue | Villager (Male) |
| 20:36 | Build | Lumber Camp |
| 20:40 | Build | Lumber Camp |
| 20:52 | Build | House |
| 20:52 | Build | House |
| 21:06 | Queue | Scout Cavalry |
| 21:06 | Queue | Scout Cavalry |
| 21:19 | Queue | Villager (Male) |
| 21:20 | Queue | Villager (Male) |
| 21:36 | Queue | Villager (Male) |
| 21:36 | Queue | Villager (Male) |
| 21:38 | Build | Farm |
| 21:41 | Build | Farm |
| 21:53 | Build | House |
| 21:54 | Build | House |
| 22:21 | Research | Double-Bit Axe |
| 22:21 | Research | Double-Bit Axe |
| 22:24 | Build | Farm |
| 22:27 | Build | Farm |
| 22:28 | Build | Farm |
| 22:29 | Build | Farm |
| 22:32 | Build | Farm |
| 22:32 | Build | Farm |
| 22:34 | Queue | Scout Cavalry |
| 22:50 | Queue | Monk |
| 22:51 | Queue | Monk |
| 22:54 | Research | Sanctity |
| 22:56 | Research | Light Cavalry (upgrade) |
| 22:59 | Build | House |
| 23:18 | Queue | Villager (Male) |
| 23:18 | Queue | Villager (Male) |
| 23:21 | Queue | Monk |
| 23:21 | Queue | Monk |
| 23:53 | Queue | Monk |
| 24:16 | Queue | Scout Cavalry |
| 24:16 | Queue | Scout Cavalry |
| 24:17 | Queue | Scout Cavalry |
| 24:17 | Queue | Scout Cavalry |
| 24:18 | Queue | Monk |
| 24:18 | Queue | Monk |
| 24:31 | Queue | Villager (Male) |
| 24:50 | Build | Lumber Camp |
| 24:53 | Queue | Monk |
| 24:59 | Research | Husbandry |
| 25:11 | Queue | Villager (Male) |
| 25:11 | Queue | Villager (Male) |
| 25:15 | Build | House |
| 25:16 | Build | House |
| 25:27 | Queue | Villager (Male) |
| 25:31 | Queue | Villager (Male) |
| 25:31 | Queue | Villager (Male) |
| 25:36 | Build | Farm |
| 25:37 | Build | Farm |
| 25:37 | Build | Farm |
| 25:37 | Build | Farm |
| 25:37 | Build | Farm |
| 25:37 | Build | Farm |
| 25:38 | Build | Farm |
| 25:38 | Build | Farm |
| 25:38 | Build | Farm |
| 25:38 | Build | Farm |
| 25:43 | Queue | Scout Cavalry |
| 25:43 | Queue | Scout Cavalry |
| 25:43 | Queue | Scout Cavalry |
| 25:44 | Queue | Scout Cavalry |
| 25:53 | Research | Scale Barding Armor |
Build order — NatheSpike
First 150 of 646 actions detected
| 0:02 | Queue | Villager (Male) |
| 0:02 | Queue | Villager (Male) |
| 0:02 | Queue | Villager (Male) |
| 0:04 | Build | House |
| 0:05 | Build | House |
| 0:13 | Queue | Villager (Male) |
| 0:13 | Queue | Villager (Male) |
| 1:18 | Queue | Villager (Male) |
| 2:02 | Queue | Villager (Male) |
| 2:02 | Queue | Villager (Male) |
| 2:23 | Queue | Villager (Male) |
| 2:23 | Queue | Villager (Male) |
| 2:55 | Queue | Villager (Male) |
| 2:56 | Queue | Villager (Male) |
| 3:05 | Queue | Villager (Male) |
| 3:27 | Queue | Villager (Male) |
| 3:31 | Build | House |
| 4:13 | Queue | Villager (Male) |
| 4:22 | Build | Barracks |
| 4:37 | Queue | Villager (Male) |
| 4:40 | Build | House |
| 4:57 | Queue | Villager (Male) |
| 5:16 | Queue | Militia |
| 5:17 | Queue | Militia |
| 5:29 | Queue | Militia |
| 5:33 | Queue | Villager (Male) |
| 5:33 | Queue | Villager (Male) |
| 5:53 | Queue | Militia |
| 6:36 | Build | Mill |
| 6:45 | Queue | Villager (Male) |
| 6:46 | Queue | Villager (Male) |
| 6:46 | Queue | Villager (Male) |
| 7:01 | Queue | Villager (Male) |
| 7:16 | Build | Lumber Camp |
| 7:24 | Build | House |
| 7:27 | Queue | Villager (Male) |
| 7:27 | Queue | Villager (Male) |
| 7:54 | Queue | Villager (Male) |
| 8:19 | Queue | Villager (Male) |
| 8:40 | Build | Palisade Wall |
| 8:45 | Build | Palisade Wall |
| 8:52 | Build | Palisade Wall |
| 8:53 | Build | Palisade Wall |
| 8:55 | Build | Palisade Wall |
| 8:56 | Build | Palisade Wall |
| 8:57 | Build | Palisade Wall |
| 9:01 | Queue | Villager (Male) |
| 9:01 | Queue | Villager (Male) |
| 9:03 | Build | Palisade Wall |
| 9:05 | Queue | Villager (Male) |
| 9:10 | Build | Palisade Wall |
| 9:14 | Build | Palisade Wall |
| 9:19 | Queue | Villager (Male) |
| 9:29 | Queue | Villager (Male) |
| 9:33 | Build | Palisade Wall |
| 9:39 | Build | Palisade Wall |
| 9:44 | Queue | Villager (Male) |
| 9:50 | Build | Farm |
| 9:52 | Build | Farm |
| 9:54 | Queue | Villager (Male) |
| 10:08 | Build | Palisade Wall |
| 10:10 | Queue | Villager (Male) |
| 10:13 | Build | Palisade Wall |
| 10:19 | Build | Palisade Wall |
| 10:21 | Build | Palisade Wall |
| 10:28 | Build | Palisade Wall |
| 10:29 | Build | Palisade Wall |
| 10:32 | Queue | Villager (Male) |
| 10:34 | Build | Farm |
| 10:36 | Build | Farm |
| 10:41 | Research | Loom |
| 10:47 | Build | Palisade Wall |
| 11:10 | Build | Farm |
| 11:12 | Build | Farm |
| 11:14 | Build | Farm |
| 11:16 | Build | Farm |
| 11:16 | Queue | Villager (Male) |
| 11:22 | Build | Palisade Wall |
| 11:25 | Build | Palisade Wall |
| 11:35 | Build | House |
| 11:57 | Queue | Villager (Male) |
| 12:00 | Build | Farm |
| 12:24 | Research | Feudal Age |
| 12:58 | Queue | Villager (Male) |
| 13:16 | Build | Lumber Camp |
| 13:39 | Queue | Villager (Male) |
| 13:50 | Build | Palisade Wall |
| 13:52 | Build | Palisade Wall |
| 13:58 | Build | Farm |
| 14:34 | Age | Feudal Age |
| 14:35 | Queue | Villager (Male) |
| 14:38 | Build | Archery Range |
| 14:41 | Build | Blacksmith |
| 14:49 | Queue | Villager (Male) |
| 14:51 | Build | Farm |
| 14:55 | Research | Double-Bit Axe |
| 15:04 | Queue | Villager (Male) |
| 15:08 | Build | Palisade Wall |
| 15:30 | Queue | Villager (Male) |
| 15:49 | Build | Market |
| 16:11 | Queue | Villager (Male) |
| 16:25 | Queue | Villager (Male) |
| 16:29 | Build | Archery Range |
| 16:43 | Queue | Villager (Male) |
| 16:48 | Queue | Villager (Male) |
| 17:10 | Research | Castle Age |
| 17:26 | Queue | Villager (Male) |
| 17:36 | Build | Palisade Wall |
| 17:38 | Build | Palisade Wall |
| 17:43 | Build | Mining Camp |
| 17:45 | Research | Horse Collar |
| 17:51 | Queue | Villager (Male) |
| 17:55 | Build | Palisade Wall |
| 17:57 | Build | Palisade Wall |
| 17:57 | Build | Palisade Wall |
| 18:12 | Build | Palisade Wall |
| 18:13 | Build | Palisade Wall |
| 18:20 | Build | Farm |
| 18:21 | Queue | Villager (Male) |
| 18:25 | Build | House |
| 18:40 | Build | Palisade Wall |
| 18:59 | Queue | Villager (Male) |
| 19:06 | Build | Archery Range |
| 19:07 | Research | Fletching |
| 19:19 | Build | Farm |
| 19:20 | Build | Farm |
| 19:21 | Queue | Villager (Male) |
| 19:26 | Build | Palisade Wall |
| 19:27 | Build | Palisade Wall |
| 19:28 | Build | Palisade Wall |
| 19:29 | Build | Palisade Wall |
| 19:30 | Queue | Villager (Male) |
| 19:40 | Build | Palisade Wall |
| 19:49 | Queue | Villager (Male) |
| 19:50 | Age | Castle Age |
| 19:51 | Build | Palisade Wall |
| 19:55 | Research | Bodkin Arrow |
| 19:57 | Queue | Elephant Archer |
| 19:58 | Queue | Elephant Archer |
| 20:02 | Queue | Villager (Male) |
| 20:17 | Queue | Villager (Male) |
| 20:20 | Build | Palisade Wall |
| 20:26 | Queue | Elephant Archer |
| 20:26 | Queue | Elephant Archer |
| 20:27 | Queue | Elephant Archer |
| 20:38 | Build | Farm |
| 20:39 | Queue | Villager (Male) |
| 20:40 | Build | Farm |
| 20:41 | Build | Farm |
| 20:41 | Build | Farm |
Match timeline
| 4:22 | NatheSpike · first_building Barracks |
| 8:40 | NatheSpike · wall_segment Palisade Wall x1 |
| 8:45 | NatheSpike · wall_segment Palisade Wall x1 |
| 8:52 | NatheSpike · wall_segment Palisade Wall x1 |
| 8:53 | NatheSpike · wall_segment Palisade Wall x1 |
| 8:55 | NatheSpike · wall_segment Palisade Wall x1 |
| 8:56 | NatheSpike · wall_segment Palisade Wall x1 |
| 8:57 | NatheSpike · wall_segment Palisade Wall x1 |
| 9:03 | NatheSpike · wall_segment Palisade Wall x1 |
| 9:10 | NatheSpike · wall_segment Palisade Wall x1 |
| 9:14 | NatheSpike · wall_segment Palisade Wall x1 |
| 9:33 | NatheSpike · wall_segment Palisade Wall x1 |
| 9:39 | NatheSpike · wall_segment Palisade Wall x1 |
| 10:08 | NatheSpike · wall_segment Palisade Wall x1 |
| 10:13 | NatheSpike · wall_segment Palisade Wall x1 |
| 10:19 | NatheSpike · wall_segment Palisade Wall x1 |
| 10:21 | NatheSpike · wall_segment Palisade Wall x2 |
| 10:27 | Snootydoor8937 · age_up feudal |
| 10:28 | NatheSpike · wall_segment Palisade Wall x1 |
| 10:29 | NatheSpike · wall_segment Palisade Wall x1 |
| 10:47 | NatheSpike · wall_segment Palisade Wall x1 |
| 11:22 | NatheSpike · wall_segment Palisade Wall x1 |
| 11:25 | NatheSpike · wall_segment Palisade Wall x1 |
| 11:43 | Snootydoor8937 · wall_segment Palisade Wall x1 |
| 12:36 | Snootydoor8937 · first_market_sell 100 stone |
| 13:50 | NatheSpike · wall_segment Palisade Wall x7 |
| 13:52 | NatheSpike · wall_segment Palisade Wall x1 |
| 14:34 | NatheSpike · age_up feudal |
| 14:38 | NatheSpike · first_building Archery Range |
| 15:02 | Snootydoor8937 · age_up castle |
| 15:08 | NatheSpike · wall_segment Palisade Wall x3 |
| 15:17 | Snootydoor8937 · first_market_buy 100 stone |
| 16:39 | Snootydoor8937 · first_building Monastery |
| 16:59 | NatheSpike · first_market_buy 100 food |
| 17:00 | NatheSpike · first_market_sell 100 wood |
| 17:36 | NatheSpike · wall_segment Palisade Wall x1 |
| 17:38 | NatheSpike · wall_segment Palisade Wall x3 |
| 17:55 | NatheSpike · wall_segment Palisade Wall x1 |
| 17:57 | NatheSpike · wall_segment Palisade Wall x1 |
| 17:57 | NatheSpike · wall_segment Palisade Wall x1 |
| 18:12 | NatheSpike · wall_segment Palisade Wall x1 |
| 18:13 | NatheSpike · wall_segment Palisade Wall x1 |
| 18:40 | NatheSpike · wall_segment Palisade Wall x4 |
| 19:01 | Snootydoor8937 · first_building Barracks |
| 19:26 | NatheSpike · wall_segment Palisade Wall x1 |
| 19:27 | NatheSpike · wall_segment Palisade Wall x1 |
| 19:28 | NatheSpike · wall_segment Palisade Wall x1 |
| 19:29 | NatheSpike · wall_segment Palisade Wall x1 |
| 19:40 | NatheSpike · wall_segment Palisade Wall x1 |
| 19:50 | NatheSpike · age_up castle |
| 19:51 | NatheSpike · wall_segment Palisade Wall x1 |
| 20:10 | Snootydoor8937 · first_building Stable |
| 20:20 | NatheSpike · wall_segment Palisade Wall x1 |
| 22:20 | NatheSpike · wall_segment Palisade Wall x1 |
| 26:07 | NatheSpike · wall_segment Palisade Wall x1 |
| 26:36 | NatheSpike · wall_segment Palisade Wall x1 |
| 27:01 | Snootydoor8937 · first_building Siege Workshop |
| 30:35 | NatheSpike · first_building Monastery |
| 36:05 | NatheSpike · first_building Stable |
| 42:54 | Snootydoor8937 · first_building Castle |
| 49:01 | Snootydoor8937 · first_building Archery Range |
| 54:41 | NatheSpike · wall_segment Palisade Wall x1 |
| 54:45 | NatheSpike · wall_segment Palisade Wall x1 |
| 55:41 | NatheSpike · wall_segment Palisade Wall x5 |
| 55:43 | NatheSpike · wall_segment Palisade Wall x4 |
| 55:44 | NatheSpike · wall_segment Palisade Wall x5 |
| 55:45 | NatheSpike · wall_segment Palisade Wall x3 |
| 60:25 | NatheSpike · resign |
[ AI ANALYSIS · 1 CREDIT ]
What really happened in this match?
Wolo.gg analyzes every decision: build order, eco, micro, common mistakes by bracket. Personalized analysis on WhatsApp or Discord in 30 seconds.
Civ guide
Malay
Perfil
Jugador #2281589